 Dungeon Crawl Stone Soup version 0.27.0-1-g7a089689b8 (webtiles) character file.

Game seed: 2337923892797089357

567 PBDoughboyy the Grasshopper (level 7, -8/50 HPs)
             Began as a Gnoll Warper on Aug 5, 2021.
             Was a Priest of Lugonu.
             Splashed by Ijyb's acid (11 damage)
             ... on level 3 of the Dungeon.
             The game lasted 00:19:03 (4455 turns).

PBDoughboyy the Grasshopper (Gnoll Warper)          Turns: 4455, Time: 00:19:05

Health: -8/50      AC: 17    Str: 12 (14) XL:     7   Next: 33%
Magic:  15/15      EV: 10    Int: 10 (13) God:    Lugonu [***...]
Gold:   208        SH:  0    Dex:  9 (12) Spells: 17/17 levels left

rFire    . . .     SeeInvis .   d - +2 short sword (protect)
rCold    . . .     Faith    .   (no shield)
rNeg     . . .     Spirit   .   h - +0 scale mail
rPois    .         Reflect  .   u - +0 helmet
rElec    .         Harm     .   (no cloak)
rCorr    .         Rampage  .   q - +2 pair of gloves {Str+3}
Will     .....                  e - +2 pair of boots
Stlth    ..........             (no amulet)
HPRegen  0.16/turn              (no ring)
MPRegen  0.14/turn              (no ring)

@: lethally poisoned (-8 -> -22), corroded, under a protective aura
A: fangs 1, strong nose, distributed training, frail 1
a: Renounce Religion, Depart the Abyss, Bend Space, Banish


You were on level 3 of the Dungeon.
You worshipped Lugonu.
Lugonu was most pleased with you.
You visited 1 branch of the dungeon, and saw 4 of its levels.

You collected 244 gold pieces.
You spent 36 gold pieces at shops.

Inventory:

Hand Weapons
 d - a +2 short sword of protection (weapon)
 f - a +0 whip
Missiles
 k - 114 stones (quivered)
Armour
 b - a +0 leather armour
 e - a +2 pair of boots (worn)
 h - a +0 scale mail (worn)
 q - a +2 pair of gloves of strength (worn)
 u - a +0 helmet (worn)
Scrolls
 a - a scroll of silence {unknown}
 c - a scroll of blinking
 g - a scroll of enchant armour {unknown}
 i - 3 scrolls of teleportation
 l - a scroll of enchant weapon {unknown}
Potions
 n - a potion of might {unknown}
 o - 2 potions of attraction
 p - a potion of flight {unknown}
 s - a potion of ambrosia {unknown}


   Skills:
 + Level 5.2 Fighting
 + Level 2.4 Short Blades
 + Level 5.2 Long Blades
 + Level 2.4 Axes
 + Level 2.4 Maces & Flails
 + Level 2.4 Polearms
 + Level 2.4 Staves
 + Level 2.4 Slings
 + Level 2.4 Bows
 + Level 2.4 Crossbows
 + Level 3.5 Throwing
 + Level 3.5 Armour
 + Level 5.2 Dodging
 + Level 2.4 Stealth
 + Level 2.4 Shields
 + Level 2.4 Unarmed Combat
 + Level 5.6 Spellcasting
 + Level 2.0 Conjurations
 + Level 2.0 Hexes
 + Level 2.0 Summonings
 + Level 2.0 Necromancy
 + Level 5.8 Translocations
 + Level 2.0 Transmutations
 + Level 2.0 Fire Magic
 + Level 2.0 Ice Magic
 + Level 2.0 Air Magic
 + Level 2.0 Earth Magic
 + Level 2.0 Poison Magic
 + Level 2.6 Invocations
 + Level 2.4 Evocations


You had 17 spell levels left.
You didn't know any spells.
Your spell library contained the following spells:

 Spells                   Type           Power      Damage    Failure   Level
 Blink                    Tloc           N/A        N/A       14%         2
 Gell's Gravitas          Tloc           7%         N/A       28%         3
 Lesser Beckoning         Tloc           7%         N/A       28%         3
 Teleport Other           Tloc           14%        N/A       28%         3
 Manifold Assault         Tloc           14%        N/A       95%         5


Dungeon Overview and Level Annotations

Branches:
Dungeon (4/15)
 Temple: D:4-7

Altars:
Lugonu

Shops:
D:1 ?

Annotations:
D:3 Ijyb, Sigmund


Innate Abilities, Weirdness & Mutations

You have very sharp teeth.
Your uncanny sense of smell can sniff out nearby items.
Your experience applies equally to all skills.
You are frail. (-10% HP)


Message History

It was a potion of mutation.
You feel extremely strange.
You feel frail.
You feel very sick.
Ijyb hits you with a +2 dagger of venom.
You are more poisoned.
Okay, then.
It was a potion of degeneration.
There was something very wrong with that liquid.
You feel weakened.
You feel dopey.
You feel clumsy.
You feel very sick. Ijyb closely misses you.
It was a potion of curing.
You feel better. Ijyb hits you but does no damage.
You are poisoned.
You closely miss Ijyb.
You feel very sick.
Ijyb hits you with a +2 dagger of venom.
You are more poisoned.
You puncture Ijyb!
Your weapon exudes an aura of protection.
Ijyb is moderately wounded.
You feel very sick.
You closely miss Ijyb.
Ijyb is moderately wounded.
You feel very sick.
Ijyb screams, "Die!"
Ijyb misses you.
Your scale mail prevents you from hitting Ijyb.
Ijyb is moderately wounded.
You feel very sick. Ijyb barely misses you.
You hit Ijyb but do no damage.
Ijyb is moderately wounded.
You feel sick. Ijyb hits you but does no damage.
You are more poisoned.
You hit Ijyb.
Ijyb is moderately wounded.
You feel very sick.
Ijyb zaps a wand.
The bolt of acid hits you!
* * * LOW HITPOINT WARNING * * *
The acid corrodes you!
You are splashed with acid!
You die...

# ##.###.# #.###.####
####.###.###.##.....#
o.)..........##..##.#
####'##########...#.#
##...## #.#.#.#
##.....## ##.....#
#.......## ##.##.###
.........####...#.#
.........'......@g#
.........####...#.#
#.......## ##.##.#
.......## ####.#
###...## ... #..##
..... # #..# .......
# #..###### #.......#
###.......# #.......#


You could see Ijyb.

Vanquished Creatures
  Blork the orc (D:4)
  A bullfrog (D:4)
  2 scorpions (D:4)
  A howler monkey (D:4)
  A hound (D:4)
  An orc priest (D:4)
  An orc wizard (D:3)
  4 gnolls (D:4)
  7 adders
  3 adder skeletons (D:4)
  A worm (D:4)
  3 dart slugs
  6 orcs
  4 bats
  3 giant cockroaches
  9 goblins
  7 hobgoblins
  13 jackals
  2 quokkas
  4 ball pythons
  A frilled lizard (D:3)
  3 kobolds
  4 rats
82 creatures vanquished.

Notes
Turn   | Place    | Note
-------+----------+-------------------------------------------
     0 | D:1      | PBDoughboyy the Gnoll Warper began the quest for the Orb.
     0 | D:1      | Reached XP level 1. HP: 20/20 MP: 6/6
   225 | D:1      | Reached XP level 2. HP: 22/26 MP: 7/7
   623 | D:1      | Found a faded altar of an unknown god.
   630 | D:1      | Became a worshipper of Lugonu the Unformed
   630 | D:1      | Reached * piety under Lugonu
   630 | D:1      | Reached ** piety under Lugonu
   740 | D:1      | Found Pevol's Magic Scroll Shoppe.
   747 | D:1      | Reached XP level 3. HP: 31/31 MP: 9/9
   753 | D:1      | Bought a scroll of teleportation for 36 gold pieces
   897 | D:2      | Reached skill level 5 in Spellcasting
  1274 | D:2      | Reached skill level 1 in Invocations
  1680 | D:2      | Reached skill level 1 in Short Blades
  1680 | D:2      | Reached skill level 1 in Axes
  1680 | D:2      | Reached skill level 1 in Maces & Flails
  1680 | D:2      | Reached skill level 1 in Polearms
  1680 | D:2      | Reached skill level 1 in Staves
  1680 | D:2      | Reached skill level 1 in Slings
  1680 | D:2      | Reached skill level 1 in Bows
  1680 | D:2      | Reached skill level 1 in Crossbows
  1680 | D:2      | Reached skill level 1 in Stealth
  1680 | D:2      | Reached skill level 1 in Shields
  1680 | D:2      | Reached skill level 1 in Unarmed Combat
  1680 | D:2      | Reached skill level 1 in Evocations
  1680 | D:2      | Reached XP level 4. HP: 19/38 MP: 11/11
  2404 | D:3      | Reached skill level 1 in Conjurations
  2404 | D:3      | Reached skill level 1 in Hexes
  2404 | D:3      | Reached skill level 1 in Summonings
  2404 | D:3      | Reached skill level 1 in Necromancy
  2404 | D:3      | Reached skill level 1 in Transmutations
  2404 | D:3      | Reached skill level 1 in Fire Magic
  2404 | D:3      | Reached skill level 1 in Ice Magic
  2404 | D:3      | Reached skill level 1 in Air Magic
  2404 | D:3      | Reached skill level 1 in Earth Magic
  2404 | D:3      | Reached skill level 1 in Poison Magic
  2774 | D:3      | Noticed Sigmund
  2939 | D:4      | Reached XP level 5. HP: 41/43 MP: 12/12
  2946 | D:4      | Noticed Blork the orc
  2961 | D:4      | Reached *** piety under Lugonu
  2973 | D:4      | Killed Blork the orc
  2990 | D:4      | Reached XP level 6. HP: 37/50 MP: 13/13
  3242 | D:4      | Reached skill level 5 in Fighting
  3242 | D:4      | Reached skill level 5 in Long Blades
  3242 | D:4      | Reached skill level 5 in Dodging
  3380 | D:4      | Reached XP level 7. HP: 45/56 MP: 15/15
  4434 | D:3      | Noticed Ijyb
  4447 | D:3      | Gained mutation: You are frail. (-10% HP) [potion of
                  | mutation]
  4455 | D:3      | Splashed by Ijyb's acid

Illustrated notes

Levels and vault maps discovered:
D:1:      evilmike_arrival_fibonacci_small, layout_loops_ring,
          dilly_ecumenical_altar_fadedgnrine, serial_shops, shop_fountains,
          grunt_decor_cap, chequers_avenue, minmay_misc_feat_plants
D:2:      layout_loops_ring, hangedman_decor_growths,
          chequers_serial_rivers_large_b, columned_hall_lemuel
D:3:      layout_loops_corners, kennysheep_minor_cross, uniq_sigmund, uniq_ijyb
D:4:      layout_rooms, minmay_fractal_squares_5, uniq_blork_the_orc

Skill      XL: |  1  2  3  4  5  6  7 |
---------------+----------------------+-----
Spellcasting   | 5 |  5.6
Invocations    | 1 2 |  2.6
Short Blades   | 1 2 |  2.4
Axes           | 1 2 |  2.4
Maces & Flails | 1 2 |  2.4
Polearms       | 1 2 |  2.4
Staves         | 1 2 |  2.4
Slings         | 1 2 |  2.4
Bows           | 1 2 |  2.4
Crossbows      | 1 2 |  2.4
Stealth        | 1 2 |  2.4
Shields        | 1 2 |  2.4
Unarmed Combat | 1 2 |  2.4
Evocations     | 1 2 |  2.4
Conjurations   | 1 2 |  2.0
Hexes          | 1 2 |  2.0
Summonings     | 1 2 |  2.0
Necromancy     | 1 2 |  2.0
Transmutations | 1 2 |  2.0
Fire Magic     | 1 2 |  2.0
Ice Magic      | 1 2 |  2.0
Air Magic      | 1 2 |  2.0
Earth Magic    | 1 2 |  2.0
Poison Magic   | 1 2 |  2.0
Throwing       | 3 |  3.5
Armour         | 3 |  3.5
Fighting       | 5 |  5.2
Long Blades    | 5 |  5.2
Dodging        | 5 |  5.2
Translocations | |  5.8

Action                   |  1- 3 |  4- 6 |  7- 9 || total
-------------------------+-------+-------+-------++-------
Melee: Whip              |   150 |    75 |       ||   225
       Bite              |    11 |    21 |     8 ||    40
       Short sword       |       |   154 |    87 ||   241
Throw: Boomerang         |     2 |     3 |       ||     5
       Stone             |       |    58 |    21 ||    79
  Use: Scroll            |       |     2 |       ||     2
       Potion            |       |     1 |     4 ||     5
Armor: Scale mail        |    73 |   120 |    39 ||   232
       Leather armour    |     4 |       |       ||     4
Dodge: Dodged            |    91 |   106 |    32 ||   229
